 Dungeon Crawl Stone Soup version 0.25-a0-294-gea9b1ad378 (webtiles) character file.

Game seed: 1379339447874519798, levelgen mode: deterministic

19 MoonlitKnight the Ruffian (level 2, -1/24 HPs)
             Began as a Draconian Transmuter on Dec 18, 2019.
             Succumbed to Terence's poison
             ... on level 2 of the Dungeon.
             The game lasted 00:01:10 (1200 turns).

MoonlitKnight the Ruffian (Draconian Transmuter)    Turns: 1200, Time: 00:01:11

Health: -1/24      AC:  4    Str: 12    XL:     2   Next: 55%
Magic:  4/5        EV: 12    Int: 13    God:
Gold:   68         SH:  0    Dex: 11    Spells: 4/5 levels left

rFire    . . .     SeeInvis .     - Unarmed
rCold    . . .     Gourm    .   (no shield)
rNeg     . . .     Faith    .   (armour unavailable)
rPois    .         Spirit   .   (helmet restricted)
rElec    .         Reflect  .   (no cloak)
rCorr    .         Harm     .   (no gloves)
MR       .....                  (boots currently unavailable)
Stlth    +.........             (no amulet)
HPRegen  0.08/turn              (no ring)
MPRegen  0.09/turn              (no ring)

@: lethally poisoned (-1 -> -24), appendage
A: unfitting armour, talons 3, cold-blooded, AC +4
a: End Transformation


You were on level 2 of the Dungeon.
You were hungry.
You had grown temporary talons.
You visited 1 branch of the dungeon, and saw 2 of its levels.

You collected 68 gold pieces.

Inventory:

Missiles
 a - 12 arrows
Jewellery
 e - a +3 ring of dexterity {unknown}
Scrolls
 b - 3 scrolls of teleportation {unknown}
 d - 2 scrolls of enchant armour {unknown}
 g - a scroll of identify {unknown}
Potions
 f - 3 potions of curing {unknown}
 h - a potion of berserk rage {unknown}
Comestibles
 c - 2 rations


   Skills:
 + Level 1.6 Fighting
 + Level 2.1 Dodging
 * Level 3.5 Unarmed Combat
 - Level 2.0 Spellcasting
 - Level 2.0 Transmutations


You had 4 spell levels left.
You knew the following spells:

 Your Spells              Type           Power        Failure   Level  Hunger
a - Beastly Appendage     Tmut           #.....       11%         1    ##.....

Your spell library contained the following spells:

 Spells                   Type           Power        Failure   Level  Hunger
 Sticks to Snakes         Tmut           #.......     17%         2    ###....
 Spider Form              Tmut/Pois      #.........   45%         3    ####...
 Ice Form                 Ice/Tmut       #.......     86%         4    #####..
 Blade Hands              Tmut           #.........   97%         5    ######.


Dungeon Overview and Level Annotations

Branches:
Dungeon (2/15)

Altars:

Annotations:
D:2 Terence


Innate Abilities, Weirdness & Mutations

Your plain brown scales are hard. (AC +4)
You cannot fit into any form of body armour.
You are cold-blooded and may be slowed by cold attacks.
You have claws for feet.


Message History

Casting: Beastly Appendage (safe; 11% risk of failure)
Confirm with . or Enter, or press ? or * to list all spells.
Your feet morph into talons.
You feel sick. The adder closely misses you. The adder barely misses you.
Terence hits you with a +0 flail of venom.
You are lethally poisoned!
You hit Terence but do no damage.
You feel sick. The adder bites you.
A bat comes into view.
You barely miss Terence.
You feel sick. The adder closely misses you. Terence completely misses you.
The adder bites you. The adder closely misses you.
You feel sick.
Terence shouts, "DIE!!!"
Terence hits you with a +0 flail of venom.
* * * LOW HITPOINT WARNING * * *
You are more poisoned.
The bat hits you but does no damage.
* * * LOW HITPOINT WARNING * * *
You feel sick. The bat barely misses you. The adder barely misses you.
You die...

#......# .
.##......#
...........####
.............)#
....#####l..#.....
#...b...S..######
....#.@S........ .
#........^..
#@........#.
###.##.#.... #.#
...... ..# ....##
.#. #.#.. . . .#
##


You could see Terence, 2 adders, a leopard gecko and a bat.

Vanquished Creatures
  An ooze (D:2)
  2 dart slugs (D:1)
  A leopard gecko (D:1)
  2 giant cockroaches (D:1)
  A hobgoblin (D:1)
  2 kobolds (D:1)
  A rat (D:1)
10 creatures vanquished.

Notes
Turn   | Place    | Note
-------+----------+-------------------------------------------
     0 | D:1      | MoonlitKnight the Draconian Transmuter began the quest for
                  | the Orb.
     0 | D:1      | Reached XP level 1. HP: 16/16 MP: 3/3
   634 | D:1      | Reached XP level 2. HP: 21/23 MP: 3/5
  1189 | D:2      | Noticed Terence
  1199 | D:2      | HP: 1/24 [poisoned by Terence]
  1200 | D:2      | Succumbed to Terence's poison

Levels and vault maps discovered:
D:1:      lightli_arrival_quake, layout_loops_corners
D:2:      layout_rooms, kennysheep_slug_shrine, first_ration,
          minmay_misc_feat_hallway, uniq_terence, uniq_robin

Skill      XL: |  1 |
---------------+----+-----
Dodging        | 2 |  2.1
Fighting       | |  1.6
Unarmed Combat | |  3.5
Spellcasting   | |  2.0
Transmutations | |  2.0

Action                   || total
-------------------------++-------
Melee: Unarmed           ||    45
       Tailslap          ||     5
       Headbutt          ||     3
       Kick              ||     1
 Cast: Beastly Appendage ||     7
Armor: Skin              ||     8
Dodge: Dodged            ||    28

Table legend:
 A = Non-vault XP
 B = Vault XP
 C = Vault XP percentage of total XP
 D = Non-vault monster count
 E = Vault monster count
 F = Vault count percentage of total count
                 A         B        C        D         E       F
            +---------+---------+-------+---------+---------+-------
      Total |      28 |       0 |   0.0 |      10 |       0 |   0.0
            +---------+---------+-------+---------+---------+-------
        D:1 |      21 |       0 |   0.0 |       9 |       0 |   0.0
        D:2 |       7 |       0 |   0.0 |       1 |       0 |   0.0
            +---------+---------+-------+---------+---------+-------
